Unix NetHack Version 5.0.0-0 post-release - last build May  4 2026 22:22:43 (774f63e81ad911689b3a0859ea89b322d5daca8d,branch:main).

Game began 2026-05-07 07:50:36, ended 2026-05-07 08:28:51.

182320070181818, lawful female human Valkyrie

                                                     --------------
                                                     |............|
                                                     ........d....|
                                                     |.......ddd.<|
                                                     ........d@d..|
                                                     ------.-------

182320070181818 the Skirmisher  St:18/02 Dx:12 Co:17 In:8 Wi:9 Ch:9  Lawful
Dlvl:5  $:66 HP:0(29) Pw:5(5) AC:6  Xp:3 T:1554  Hungry  

Latest messages:
 You see here a scimitar.
 q - a scimitar.
 You miss the werejackal.
 The werejackal summons help!
 A coyote suddenly appears next to you!
 A jackal suddenly appears next to you!
 The werejackal hits!
 You miss the werejackal.
 The jackal bites!
 The coyote bites!
 The werejackal hits!
 The little dog misses the jackal.
 You hit the werejackal!
 The jackal bites!
 The coyote bites!
 The little dog misses the jackal.
 The werejackal hits!
 The little dog misses the jackal.
 The little dog misses the jackal.
 The coyote just misses!
 The little dog bites the werejackal.
 The werejackal misses the little dog.
 The coyote misses!
 The little dog misses the coyote.
 The little dog misses the coyote.
 The little dog misses the coyote.
 The little dog misses the werejackal.
 The jackal bites!
 The little dog bites the jackal.
 The jackal is killed!
 The werejackal hits!
 The little dog misses the werejackal.
 You are beginning to feel hungry.
 The little dog bites the werejackal.
 The werejackal misses the little dog.
 The werejackal changes into a jackal.
 The werejackal just misses!
 The coyote misses!
 The little dog misses the werejackal.
 The werejackal summons help!
 A jackal suddenly appears next to you!
 A jackal suddenly appears next to you!
 A jackal suddenly appears next to you!
 The werejackal bites!
 You die...
 Do you want your possessions identified? [ynq] (y) n
 Do you want to see your attributes? [ynq] (y) n
 Do you want an account of creatures vanquished? [ynaq] (y) n
 Do you want to see your conduct and achievements? [ynq] (y) n
 Do you want to see the dungeon overview? [ynq] (y) n

Inventory:
 Coins    ('$')
  $ - 66 gold pieces
 Weapons  (')')
  b - a +0 dagger (alternate weapon; not wielded)
  j - a blessed +0 dwarvish spear
  o - a +1 knife
  a - a +1 spear (weapon in right hand)
  m - the +0 Frost Brand
  q - a +0 scimitar
 Armor    ('[')
  c - an uncursed +3 small shield (being worn)
 Comestibles  ('%')
  d - an uncursed food ration
  f - an uncursed lichen corpse
 Scrolls  ('?')
  p - an uncursed scroll of fire
  h - a cursed scroll of identify
 Potions  ('!')
  g - a blessed potion of confusion
  l - an uncursed potion of gain energy
  e - an uncursed potion of sleeping
  i - a blessed potion of speed
 Tools    ('(')
  k - an uncursed skeleton key

182320070181818 the Valkyrie's attributes:

Background:
 You were a Skirmisher, a level 3 human Valkyrie.
 You were lawful, nominally on a mission for Tyr
 who was opposed by Odin (neutral) and Loki (chaotic).
 You were right-handed.
 You were in the Dungeons of Doom, on level 5.
 You entered the dungeon 1554 turns ago.
 You had 61 experience points, 19 more were needed to attain level 4.

Basics:
 You had 0 out of 29 hit points.
 You had all 5 energy points (spell power).
 Your armor class was 6.
 Your wallet contained 66 zorkmids.
 Autopickup was off.

Final Characteristics:
 Your strength was 18/02 (limit:18/100).
 Your dexterity was 12 (limit:18).
 Your constitution was 17 (limit:18).
 Your intelligence was 8 (limit:18).
 Your wisdom was 9 (limit:18).
 Your charisma was 9 (limit:18).

Final Status:
 You were hungry.
 You were unencumbered.
 You were wielding a spear.
 You had basic skill with spear.

Final Attributes:
 You were devoutly aligned.
 You were cold resistant.
 You were stealthy.
 You are dead.

Miscellaneous:
 You didn't encounter any bones levels.
 Total elapsed playing time was 38 minutes and 4 seconds.

Major events:
 Turn
    1: 182320070181818 the lawful human Valkyrie entered the dungeon
  659: found Frost Brand on the floor
 1142: attained the rank of Skirmisher (level 3)
 1554: killed by a werejackal

You didn't know any spells.

Skills:
 Fighting Skills
   bare handed combat [Unskilled]
   two weapon combat  [Unskilled]
   riding             [Unskilled]
 Weapon Skills
   dagger             [Basic]
   axe                [Unskilled]
   pick-axe           [Unskilled]
   short sword        [Unskilled]
   broadsword         [Unskilled]
   long sword         [Unskilled]
   two-handed sword   [Unskilled]
   saber              [Unskilled]
   hammer             [Unskilled]
   quarterstaff       [Unskilled]
   polearms           [Unskilled]
   spear              [Basic]
   trident            [Unskilled]
   lance              [Unskilled]
   sling              [Unskilled]
 Spellcasting Skills
   attack spells      [Unskilled]
   escape spells      [Unskilled]

Voluntary challenges:
 Character rerolling was not enabled.
 You followed a strict vegan diet.
 You were an atheist.
 You were illiterate.
 You never genocided any monsters.
 You never polymorphed an object.
 You never changed form.
 You used no wishes.
Achievements:
 You attained the rank of Skirmisher.
 You entered a shop.

 The Dungeons of Doom: levels 1 to 5
    Level 1:
    Level 2:
    Level 3:
    Level 4:
       A vegetarian food shop, an altar to Tyr.
    Level 5: <- You were here.
       Final resting place for
          you, killed by a werejackal.


Vanquished creatures:
  a homunculus
  a giant bat
  a dwarf zombie
 an iguana
  2 manes
  a green mold
  3 geckos
  5 jackals
  a fox
  2 kobolds
  a goblin
  2 grid bugs
  3 lichens
  2 newts
26 creatures vanquished.

No species were genocided or became extinct.

Game over:
                       ----------
                      /          \
                     /    REST    \
                    /      IN      \
                   /     PEACE      \
                  /                  \
                  | 182320070181818  |
                  |      66 Au       |
                  |   killed by a    |
                  |    werejackal    |
                  |                  |
                  |                  |
                  |       2026       |
                 *|     *  *  *      | *
        _________)/\\_//(\/(/\)/\//\/|_)_______

Farvel 182320070181818 the Valkyrie...

You died in The Dungeons of Doom on dungeon level 5 with 504 points,
and 66 pieces of gold, after 1554 moves.
You were level 3 with a maximum of 29 hit points when you died.

